 Dungeon Crawl Stone Soup version 0.16.1-51-g6203257 (webtiles) character file.

231 ImaNewbie the Chopper (level 6, -1/47 HPs)
             Began as a Formicid Fighter on July 28, 2015.
             Slain by an orc
             ... wielding a +0 falchion
              (3 damage)
             ... on level 3 of the Dungeon.
             The game lasted 00:09:42 (2291 turns).

ImaNewbie the Chopper (Formicid Fighter)            Turns: 2291, Time: 00:09:42

Health: -1/47      AC:  7    Str: 26    XL:     6   Next: 24%
Magic:  8/8        EV:  8    Int:  7    God:
Gold:   79         SH: 10    Dex: 12    Spells: 0 memorised, 5 levels left

rFire  . . .     SeeInvis +     a - +0 war axe
rCold  . . .     Clarity  .     k - +2 ring mail {rPois}
rNeg   . . .     SustAb   .     n - +0 shield
rPois  +         Gourm    .     (helmet unavailable)
rElec  .         Spirit   .     (no cloak)
rCorr  .         Warding  .     (no gloves)
rMut   .         Stasis   +     (no boots)
MR     .....                    (no amulet)
Stlth  +.........               (no ring)
                                (no ring)

@: mighty, not resistant to hostile enchantments, very unstealthy
A: permanent stasis, dig shafts and tunnels, four strong arms, antennae 3
a: Dig, Shaft Self


You were on level 3 of the Dungeon.
You were not hungry.

You visited 1 branch of the dungeon, and saw 3 of its levels.

You collected 79 gold pieces.

Inventory:

Hand weapons
 a - a +0 war axe (weapon)
Missiles
 m - 16 poisoned needles
Armour
 k - a +2 ring mail of poison resistance (worn)
 n - a +0 shield (worn)
Jewellery
 s - an uncursed ring of protection from fire {unknown}
Scrolls
 c - 2 scrolls of fog {unknown}
 g - 2 scrolls of identify {unknown}
 l - a scroll of enchant armour {unknown}
 o - a scroll of amnesia {unknown}
 p - 2 scrolls of magic mapping {unknown}
 r - a scroll of remove curse {unknown}
 t - a scroll of immolation {unknown}
Potions
 b - a potion of resistance {unknown}
 h - 3 potions of curing {unknown}
 j - a potion of beneficial mutation {unknown}
Comestibles
 d - a bread ration
 f - a meat ration
 i - a royal jelly


   Skills:
 - Level 3.2 Fighting
 * Level 6.1 Axes
 - Level 3.2 Armour
 - Level 3.6 Shields


You had 5 spell levels left.
You didn't know any spells.

Dungeon Overview and Level Annotations

Branches:
Dungeon (3/15)

Altars:
The Shining One

Annotations:
D:1 exclusion: 2 downstairs
D:3 exclusions: door and sensed monster (detected)


Innate Abilities, Weirdness & Mutations

You are under a permanent stasis effect.
You can dig through walls and to a lower floor.
Your four strong arms can wield two-handed weapons with a shield.
You have a pair of large antennae on your head (SInv).


Message History

You block the orc's attack.
The orc priest mumbles some strange prayers to Beogh against you.
Pain shoots through your body!
* * * LOW HITPOINT WARNING * * *
The orc hits you with a falchion.
* * * LOW HITPOINT WARNING * * *
You block the orc's attack.
You slash the orc priest!
You kill the orc priest!
Your Axes skill increases to level 6!
You closely miss the orc. You slash the orc!
You kill the orc!
You slash the orc!
You kill the orc!
The orc priest mumbles some strange prayers to Beogh against you.
You struggle to resist.
You block the orc's attack.
You barely miss the orc priest. You hit the orc.
The orc is moderately wounded.
The orc hits you with a falchion.
You die...

#.# ####### #.# #.....# #### #.#
+.....# ...# #.# #.....###...#
##.# #.....##....# #...
#oo)..##....# .#..######
#@#####....# .
#.#...#...###)......##+####
#..#.##..#.#.#......##.......####
..#.#.....#.#......##...........
#.#.#...###.#......##......(####
#.......# #.....#####.......#
###..#...#####...# #########
.....#...........#
.#.......##......#


You could see an orc priest and an orc.

Vanquished Creatures
  Sigmund (D:2)
  A crimson imp (D:3)
  An orc priest (D:3)
  Terence (D:3)
  An adder (D:2)
  A gnoll (D:1)
  A worm (D:2)
  2 giant geckos
  2 oozes
  3 orcs (D:3)
  9 bats
  A giant cockroach (D:1)
  3 goblins (D:3)
  3 hobgoblins
  3 jackals (D:1)
  5 kobolds
  A quokka (D:1)
  A giant newt (D:3)
  9 rats
49 creatures vanquished.

Notes
Turn   | Place    | Note
--------------------------------------------------------------
     0 | D:1      | ImaNewbie, the Formicid Fighter, began the quest for the Orb.
     0 | D:1      | Reached XP level 1. HP: 18/18 MP: 1/1
    52 | D:1      | Reached XP level 2. HP: 12/24 MP: 3/3
   290 | D:1      | Reached XP level 3. HP: 25/29 MP: 4/4
   296 | D:1      | Found a glowing golden altar of the Shining One.
   797 | D:2      | Noticed Sigmund
   820 | D:2      | HP: 1/29 [Sigmund/scythe (3)]
  1502 | D:2      | Killed Sigmund
  1502 | D:2      | Reached skill level 5 in Axes
  1502 | D:2      | Reached XP level 4. HP: 22/35 MP: 5/5
  1502 | D:2      | Reached XP level 5. HP: 25/41 MP: 7/7
  2087 | D:3      | Noticed Terence
  2102 | D:3      | Killed Terence
  2118 | D:3      | Reached XP level 6. HP: 30/47 MP: 8/8
  2289 | D:3      | HP: 2/47 [orc priest/nerve-wracking pain (10)]
  2290 | D:3      | Reached skill level 6 in Axes
  2291 | D:3      | Slain by an orc

Action                   |  1- 3 |  4- 6 || total
-------------------------+-------+-------++-------
Melee: War axe           |   122 |    59 ||   181
  Use: Potion            |     1 |     1 ||     2
  Eat: Chunk             |     2 |     3 ||     5
